 Dungeon Crawl Stone Soup version 0.28.0-43-g3370ac3207 (webtiles) character file.

Game seed: 5907644714736396959

194 tizbic2 the Skirmisher (level 5, -1/54 HPs)
             Began as an Ogre Gladiator on Mar 12, 2022.
             Was a Follower of Wu Jian.
             Succumbed to a gnoll's poison
             ... on level 4 of the Dungeon.
             The game lasted 00:11:51 (3210 turns).

tizbic2 the Skirmisher (Ogre Gladiator)             Turns: 3210, Time: 00:11:53

Health: -1/54      AC:  3    Str: 20    XL:     5   Next: 73%
Magic:  5/5        EV: 10    Int:  9    God:    Wu Jian [*.....]
Gold:   111        SH:  0    Dex: 10    Spells: 4/4 levels left

rFire   x . .      SeeInvis .   p - +1 spear (venom)
rCold   + . .      Faith    .   (no shield)
rNeg    . . .      Spirit   .   b - +0 robe
rPois   .          Reflect  .   c - +0 hat
rElec   .          Harm     .   (no cloak)
rCorr   .          Rampage  .   (gloves unavailable)
Will    .....                   (boots unavailable)
Stlth   +.........              h - amulet of magic regeneration
HPRegen 0.18/turn               m - ring of ice
MPRegen 0.49/turn               (no ring)

@: lethally poisoned (-1 -> -18)
A: large, unfitting armour, tough skin 1
a: Renounce Religion


You were on level 4 of the Dungeon.
You worshipped Wu Jian.
Wu Jian was aware of your devotion.
You visited 1 branch of the dungeon, and saw 4 of its levels.

You collected 111 gold pieces.

Inventory:

Hand Weapons
 a - a +0 flail
 l - a +0 club
 p - a +1 spear of venom (weapon)
Missiles
 e - a throwing net
 f - 138 stones (quivered)
Armour
 b - a +0 robe (worn)
 c - a +0 hat (worn)
Jewellery
 h - an amulet of magic regeneration (around neck)
 m - a ring of ice (left hand)
Wands
 d - a wand of polymorph (9)
Scrolls
 g - 2 scrolls of blinking {unknown}
 i - a scroll of teleportation {unknown}
 j - a scroll of magic mapping {unknown}
 n - a scroll of identify
 o - a scroll of immolation {unknown}
 q - a scroll of summoning {unknown}
 r - a scroll of enchant weapon {unknown}
Potions
 k - a potion of berserk rage {unknown}
 s - a potion of flight {unknown}


   Skills:
 + Level 4.2 Fighting
 + Level 3.5 Maces & Flails
 * Level 4.0 Throwing
 - Level 2.7 Dodging
 * Level 1.3 Translocations


You had 4 spell levels left.
You didn't know any spells.
Your spell library contained the following spells:

 Spells                   Type           Power      Damage    Failure   Level
 Blink                    Tloc           4%         N/A       34%         2
 Summon Small Mammal      Summ           0%         N/A       38%         1
 Lesser Beckoning         Tloc           2%         N/A       56%         3
 Call Canine Familiar     Summ           0%         N/A       77%         3
 Summon Guardian Golem    Hex/Summ       0%         N/A       77%         3
 Manifold Assault         Tloc           2%         N/A       100%        5


Dungeon Overview and Level Annotations

Branches:
Dungeon (4/15)
 Temple: D:4-7

Altars:
Wu Jian


Innate Abilities, Weirdness & Mutations

You are too large for most types of armour.
You have tough skin. (AC +1)


Message History

h - an amulet of magic regeneration (around neck)
Okay, then.
There is a stone staircase leading down here.
Found a stone staircase leading down.
There is a stone staircase leading down here.
You see here a +0 war axe.
Search for what [Enter for "D:2", or ? for help]?
D:3
s - a sapphire potion You see here a +0 dagger.
You see here a +0 war axe.
You see here a +0 short sword.
There is a stone staircase leading down here.
You climb downwards.
The gnoll shouts! x3; You hear a shout! x2
There is a stone staircase leading up here.
The gnoll hits you with a +0 flail. The gnoll hits you with a +0 spear.
The gnoll hits you with a +1 spear of venom!
You are poisoned.
You climb upwards.
You feel extremely sick.
There is a stone staircase leading down here.
Press: ? - help, v - describe, . - travel
Here: a gnoll, wielding a +1 spear of venom The floor.
You hit the gnoll.
The gnoll is heavily wounded.
You feel very sick.
The gnoll hits you from afar with a +1 spear of venom.
You are more poisoned.
The gnoll hits you with a +0 flail!
* * * LOW HITPOINT WARNING * * *
The gnoll closely misses you.
* * * LOW HITPOINT WARNING * * *
You feel very sick.
The gnoll hits you from afar with a +1 spear of venom.
* * * LOW HITPOINT WARNING * * *
The gnoll completely misses you. The gnoll hits you with a +0 spear.
* * * LOW HITPOINT WARNING * * *
You climb downwards.
You die...

###############
+.....g@...g...
#######g#######
... ##... .....
###.## .# .#


You could see 3 gnolls.

Vanquished Creatures
  A scorpion (D:3)
  Ijyb (D:3)
  Terence (D:3)
  2 adders
  An adder skeleton (D:2)
  2 worms
  A dart slug (D:1)
  5 orcs (D:2)
  3 ball pythons
  2 endoplasms
  A giant cockroach (D:2)
  6 goblins
  3 hobgoblins
  2 jackals (D:2)
  3 kobolds
  3 quokkas
  4 bats
  6 frilled lizards
  3 rats
50 creatures vanquished.

Notes
Turn   | Place    | Note
-------+----------+-------------------------------------------
     0 | D:1      | tizbic2 the Ogre Gladiator began the quest for the Orb.
     0 | D:1      | Reached XP level 1. HP: 22/22 MP: 1/1
   323 | D:1      | Reached XP level 2. HP: 29/29 MP: 2/2
  1327 | D:2      | Reached XP level 3. HP: 36/37 MP: 3/3
  1557 | D:2      | Found a faded altar of an unknown god.
  1595 | D:2      | Prayed at the altar of an unknown god.
  1595 | D:2      | Became a worshipper of the Wu Jian Council
  1595 | D:2      | Reached * piety under Wu Jian
  1950 | D:2      | Reached XP level 4. HP: 45/45 MP: 4/4
  2243 | D:3      | Noticed Ijyb
  2277 | D:3      | Killed Ijyb
  2520 | D:3      | Noticed Terence
  2529 | D:3      | Killed Terence
  2530 | D:3      | Reached XP level 5. HP: 47/54 MP: 5/5
  2740 | D:3      | Reached skill level 1 in Translocations
  3210 | D:4      | Succumbed to a gnoll's poison

Illustrated notes

Levels and vault maps discovered:
D:1:      dpeg_arrival_rooms_a, layout_basic
D:2:      layout_loops_ring, basic_ecumenical_altar
D:3:      layout_loops_ring, uniq_ijyb, uniq_terence
D:4:      layout_basic

Skill      XL: |  1  2  3  4  5 |
---------------+----------------+-----
Fighting       | 3 4 |  4.2
Maces & Flails | 3 |  3.5
Throwing       | 3 4 |  4.0
Translocations | 1 |  1.3
Dodging        | |  2.7

Action                   |  1- 3 |  4- 6 || total
-------------------------+-------+-------++-------
Melee: Flail             |    91 |       ||    91
       Club              |     2 |    48 ||    50
       Punch             |       |     1 ||     1
       Spear             |       |    14 ||    14
Throw: Stone             |    47 |    15 ||    62
       Boomerang         |    13 |    22 ||    35
       Throwing net      |     1 |     5 ||     6
Invok: Lunge             |     5 |     2 ||     7
       Whirlwind         |       |     1 ||     1
  Use: Scroll            |     1 |       ||     1
       Potion            |       |     1 ||     1
 Stab: Held in net/web   |     1 |     1 ||     2
Armor: Robe              |    42 |    15 ||    57
Dodge: Dodged            |    81 |    28 ||   109
